 Dungeon Crawl Stone Soup version 0.30-a0-847-g17996783a1 (webtiles) character file.

Game seed: 546239051676918837

709 bande the Chopper (level 7, -1/44 HPs)
             Began as a Gargoyle Fighter on Mar 4, 2023.
             Slain by an orc warrior
             ... wielding a +2 glaive of freezing
              (7 damage)
             ... on level 6 of the Dungeon.
             The game lasted 00:05:12 (2427 turns).

bande the Chopper (Gargoyle Fighter)                Turns: 2427, Time: 00:05:13

Health: -1/44      AC: 14    Str: 19    XL:     7   Next: 68%
Magic:  7/7        EV:  9    Int:  9    God:
Gold:   230        SH:  4    Dex: 11    Spells: 6/6 levels left

rFire   . . .      SeeInvis .    a - +1 war axe
rCold   . . .      Faith    .    c - +0 buckler
rNeg    + . .      Spirit   .    b - +0 scale mail
rPois   ∞          Reflect  .    (no helmet)
rElec   +          Rampage  .    m - +0 cloak
rCorr   .                        j - +0 pair of gloves
Will    .....                    (no boots) Stlth
                                 k - amulet of regeneration
HPRegen 1.07/turn                (no ring)
MPRegen 0.10/turn                (no ring)

@: no status effects
A: sickness immunity, AC +4, negative energy resistance 1, electricity
resistance, torment resistance 1, petrification resistance
a: no special abilities


You were on level 6 of the Dungeon.
You visited 1 branch of the dungeon, and saw 5 of its levels.

You collected 230 gold pieces.

Inventory:

Hand Weapons
 a - a +1 war axe (weapon)
 l - a +0 mace of draining
 r - a +0 war axe
Armour
 b - a +0 scale mail (worn)
 c - a +0 buckler (worn)
 j - a +0 pair of gloves (worn)
 m - a +0 cloak (worn)
Jewellery
 k - an amulet of regeneration (around neck)
Wands
 q - a wand of quicksilver (8)
 t - a wand of digging (5)
Scrolls
 n - 2 scrolls of identify
Potions
 d - a potion of might
 e - 2 potions of heal wounds {unknown}
 f - a potion of ambrosia
 g - a potion of flight
 h - a potion of brilliance {unknown}
 i - a potion of lignification {unknown}
 o - a potion of resistance {unknown}
 p - a potion of curing {unknown}
 s - 2 potions of cancellation {unknown}


   Skills:
 + Level 4.3 Fighting
 + Level 6.0 Axes
 + Level 4.9 Armour
 - Level 0.2 Stealth
 + Level 4.3 Shields
 * Level 0.3 Evocations


You had 6 spell levels left.
You didn't know any spells.
Your spell library contained the following spells:

 Spells                   Type           Power      Damage    Failure   Level
 Tukima's Dance           Hex            0%         N/A       99%         3
 Vhi's Electric Charge    Tloc/Air       0%         N/A       99%         3
 Passage of Golubria      Tloc           0%         N/A       100%        4
 Arcjolt                  Conj/Air       0%         1d10      100%        5
 Yara's Violent Unravell  Hex/Tmut       0%         3d3       100%        5
 Maxwell's Capacitive Co  Air            0%         ∞         100%        8


Dungeon Overview and Level Annotations

Branches:
Dungeon (4/15)
 Temple: D:4-7

Altars:


Innate Abilities, Weirdness & Mutations

You are immune to sickness and miasma.
Your stone body is resilient. (AC +4)
You are immune to poison.
You resist negative energy. (rN+)
You are resistant to electric shocks. (rElec)
You are resistant to unholy torment.
You are immune to petrification.


Message History

You hit the orc priest.
You kill the orc priest!
You hear the brisk rusting of a very distant drain.
You block the orc warrior's attack. You block the orc warrior's attack.
Items here: )) [ †.
The orc warrior hits you with a +2 glaive of freezing.
The orc warrior freezes you.
You hit the orc warrior but do no damage.
The orc warrior closely misses you.
You hit the orc warrior.
The orc warrior is lightly wounded.
The orc warrior hits you but does no damage.
The sleepcap releases spores at you.
The orc warrior hits you with a +2 glaive of freezing.
* * * LOW HITPOINT WARNING * * *
The orc warrior freezes you.
* * * LOW HITPOINT WARNING * * *
You barely miss the orc warrior.
The orc warrior is lightly wounded.
You completely miss the sleepcap. The sleepcap barely misses you.
You block the orc warrior's attack.
You hit the orc warrior.
The orc warrior is moderately wounded.
You hit the sleepcap but do no damage.
The sleepcap releases spores at you but does no damage.
The orc warrior barely misses you.
You closely miss the orc warrior.
The orc warrior is moderately wounded.
You hit the sleepcap but do no damage. The sleepcap barely misses you.
The orc warrior hits you with a +2 glaive of freezing!
* * * LOW HITPOINT WARNING * * *
The orc warrior freezes you.
* * * LOW HITPOINT WARNING * * *
You slash the orc warrior!
The orc warrior is severely wounded.
You hit the sleepcap but do no damage.
The sleepcap releases spores at you but does no damage.
The orc warrior hits you with a +2 glaive of freezing!
You die...

.#.........>........
.#...#..##......##
<...............#
........##......#
.###.##.##......# .#
#.<.......#### ##
###..####.####
...#♣#.....#### .
#.....f@..#
.........)o..#
.........#.......
..........##....##
........... ....#
................#
..####.........#
##......#.#


You could see an orc warrior and a sleepcap.

Vanquished Creatures
  An ice beast (D:6)
  A scorpion (D:6)
  4 wights (D:6)
  Crazy Yiuf (D:2)
  A jelly (D:6)
  2 orc priests
  Jessica (D:3)
  Terence (D:2)
  An orc wizard (D:3)
  2 sleepcaps (D:6)
  2 adders
  An ufetubus (D:4)
  2 dart slugs
  10 orcs
  6 ball pythons
  9 endoplasms
  3 giant cockroaches
  4 goblins
  A hobgoblin (D:3)
  3 jackals (D:1)
  4 quokkas
  2 bats
  4 frilled lizards
  4 kobolds
  9 rats
79 creatures vanquished.

Notes
Turn   | Place    | Note
-------+----------+-------------------------------------------
     0 | D:1      | bande the Gargoyle Fighter began the quest for the Orb.
     0 | D:1      | Reached XP level 1. HP: 14/14 MP: 1/1
   149 | D:1      | Reached XP level 2. HP: 19/19 MP: 2/2
   493 | D:2      | Reached skill level 2 in Axes
   665 | D:2      | Reached XP level 3. HP: 23/23 MP: 3/3
  1021 | D:2      | Noticed Terence
  1024 | D:2      | Killed Terence
  1100 | D:2      | Found a runed translucent door.
  1101 | D:2      | Noticed Crazy Yiuf
  1275 | D:2      | Killed Crazy Yiuf
  1276 | D:2      | Reached skill level 3 in Axes
  1276 | D:2      | Reached XP level 4. HP: 16/28 MP: 1/4
  1579 | D:3      | Reached XP level 5. HP: 26/33 MP: 5/5
  1759 | D:3      | Noticed Jessica
  1771 | D:3      | Killed Jessica
  1937 | D:3      | Reached skill level 4 in Axes
  2172 | D:4      | Reached XP level 6. HP: 38/38 MP: 6/6
  2179 | D:4      | You fall into a shaft and drop 2 floors!
  2234 | D:6      | Reached skill level 5 in Axes
  2248 | D:6      | Reached XP level 7. HP: 15/43 MP: 7/7
  2395 | D:6      | Reached skill level 6 in Axes
  2427 | D:6      | Slain by an orc warrior

Illustrated notes

Levels and vault maps discovered:
D:1:      evilmike_arrival_plus, layout_rooms, minmay_tree_intersection
D:2:      layout_loops_cross, uniq_terence, uniq_crazy_yiuf_cottage
D:3:      cheibrodos_helix_gallery, layout_loops_cross, minmay_misc_feat_rows,
          minmay_misc_feat_secret_circle, uniq_jessica
D:4:      lemuel_castle_with_subvaults [lemuel_castle_interior_carwin_3],
          layout_cave_pods
D:6:      layout_loops_cross, temple_hall_moat, gup_sewer_entry_glass,
          kennysheep_nub, minmay_statues_item, kennysheep_decorative_pillar

Skill      XL: |  1  2  3  4  5  6  7 |
---------------+----------------------+-----
Axes           | 2 3 4 5 6 |  6.0
Armour         | 4 |  4.9
Shields        | 4 |  4.3
Fighting       | 4 |  4.3
Stealth        | |  0.2
Evocations     | |  0.3

Action                     |  1- 3 |  4- 6 |  7- 9 || total
---------------------------+-------+-------+-------++-------
  Melee: War axe           |    91 |   101 |    33 ||   225
    Use: Scroll            |     5 |     8 |       ||    13
 Armour: Scale mail        |    54 |    78 |    18 ||   150
  Dodge: Dodged            |    50 |    65 |    17 ||   132
  Block: Buckler           |    20 |    25 |     8 ||    53

Table legend: (Time is in decaauts)
 A = Elapsed time spent in this place.
 B = Non-inter-level travel time spent in this place.
 C = Inter-level travel time spent in this place.
 D = Time resting spent in this place.
 E = Time spent auto-exploring this place.
 F = Levels seen in this place.
 G = Mean time per level.
                   A        B        C        D        E       F      G
               +--------+--------+--------+--------+--------+-----+--------+
         Total |   2516 |   2428 |     88 |     49 |   1725 |   5 |  503.2 |
       Dungeon |   2516 |   2428 |     88 |     49 |   1725 |   5 |  503.2 |
               +--------+--------+--------+--------+--------+-----+--------+

Top non-repeatable levels by time:
     D:2: 933 daAuts
     D:3: 788 daAuts
     D:1: 493 daAuts
     D:6: 262 daAuts
     D:4: 38 daAuts
